Unix NetHack Version 3.7.0-95 Work-in-progress - last build Jan 1 2024 20:51:50 (6a0ccc5fa2390e420dd2d488a2f9488d2ae3a63b,branch:master). Game began 2024-01-07 21:16:46, ended 2024-01-07 21:25:48. Arasaka, neutral female human Tourist --- |..- |...-- ----.....| -......... ........ ...... -....---- -- ........------ --- .| -...@....h..................(- |...f------- ...| | |.....-- -- --.....-- |......| --......| |^...---- |.<--- ---- Arasaka the Sightseer St:11 Dx:10 Co:16 In:15 Wi:11 Ch:13 Neutral Dlvl:4 $:54 HP:0(24) Pw:11(11) AC:5 Xp:3/45 T:1507 Latest messages: Behemoth bites the gnome lord. Behemoth bites the gnome lord. You hit the gnome lord. Behemoth bites the gnome lord. Behemoth misses the gnome lord. You hit the gnome lord. Behemoth bites the gnome lord. You feel wise! You must have been very observant. You miss the gnome lord. Behemoth bites the gnome lord. The gnome lord is killed! There is a sleeping gas trap here. You see here a gnome lord corpse. A cloud of gas puts you to sleep! You dream that you hear an A note squeak in the distance. You wake up. You have trouble lifting a gnome lord corpse. Continue? [ynq] (q) There is a gnome lord corpse here; eat it? [ynq] (n) This gnome lord corpse tastes okay. You finish eating the gnome lord corpse. You hit the gnome lord. Behemoth misses the gnome. You hit the gnome lord. Behemoth bites the gnome. The gnome lord hits! Behemoth bites the gnome. The gnome hits Behemoth. You miss the gnome lord. Behemoth misses the gnome. The gnome lord hits! Behemoth misses the gnome. Behemoth misses the gnome. Behemoth bites the gnome. The gnome is killed! Behemoth eats a gnome corpse. In what direction? The dart hits the gnome lord. In what direction? The dart misses the gnome lord. In what direction? You kill the gnome lord! Welcome to experience level 3. a - 2 uncursed +2 darts (at the ready) (28 in total). a - an uncursed +2 dart (at the ready) (29 in total). Behemoth bites the gnome. The gnome is killed! The dwarf zaps a zinc wand! The wand hits you! You die... Inventory: Coins ('$') $ - 54 gold pieces Weapons (')') a - 29 uncursed +2 darts (at the ready) w - an uncursed +0 orcish dagger (weapon in right hand) Armor ('[') x - an uncursed +0 orcish helm (being worn) v - an uncursed +0 pair of leather gloves (being worn) j - an uncursed +0 Hawaiian shirt with a jellyfish motif (being worn) n - an uncursed +0 ring mail (being worn) Comestibles ('%') c - an uncursed carrot b - 8 uncursed food rations r - 2 uncursed lembas wafers d - 2 uncursed melons Scrolls ('?') A - an uncursed scroll of light i - a blessed scroll of magic mapping h - 3 uncursed scrolls of magic mapping Spellbooks ('+') s - an uncursed spellbook of create familiar Potions ('!') g - 2 uncursed potions of extra healing u - an uncursed potion of gain energy t - an uncursed potion of invisibility Rings ('=') q - an uncursed ring of invisibility Wands ('/') o - an uncursed wand of light (0:14) Tools ('(') l - an uncursed credit card k - an uncursed expensive camera (0:94) Gems/Stones ('*') p - a cursed jade stone Arasaka the Tourist's attributes: Background: You were a Sightseer, a level 3 female human Tourist. You were neutral, nominally on a mission for The Lady who was opposed by Blind Io (lawful) and Offler (chaotic). You were right-handed. You were in the Gnomish Mines, on level 4. You entered the dungeon 1507 turns ago. You had 45 experience points, 35 more were needed to attain level 4. Basics: You had 0 out of 24 hit points. You had all 11 energy points (spell power). Your armor class was 5. Your wallet contained 54 zorkmids. Autopickup was on for '$"?' plus thrown, with exceptions. Final Characteristics: Your strength was 11 (limit:18/100). Your dexterity was 10 (limit:18). Your constitution was 16 (limit:18). Your intelligence was 15 (limit:18). Your wisdom was 11 (limit:18). Your charisma was 13 (limit:18). Final Status: You weren't hungry. You were unencumbered. You were wielding a dagger. You were unskilled in dagger. Final Attributes: You were fervently aligned. You were warded. You are dead. Miscellaneous: You disabled loading of bones levels. Total elapsed playing time was 9 minutes and 1 second. Major events: Turn 1: Arasaka the neutral female human Tourist entered the dungeon 1143: entered the Gnomish Mines 1500: attained the rank of Sightseer (level 3) 1507: killed by a wand Vanquished creatures: 2 gnome leaders an acid blob 2 gnomes 2 geckos 8 jackals a fox a goblin 4 sewer rats 7 grid bugs 3 lichens 3 kobold zombies 7 newts 41 creatures vanquished. No species were genocided or became extinct. Voluntary challenges: You were an atheist. You read items or engraved 4 times. You never engraved Elbereth. You never genocided any monsters. You never polymorphed an object. You never changed form. You used no wishes. Achievements: You entered a shop. You entered the Gnomish Mines. You attained the rank of Sightseer. The Dungeons of Doom: levels 1 to 3 Level 1: Level 2: A fountain, a grave. Level 3: Stairs down to The Gnomish Mines. The Gnomish Mines: Level 4: <- You were here. Final resting place for you, killed by a wand. Game over: ---------- / \ / REST \ / IN \ / PEACE \ / \ | Arasaka | | 54 Au | | killed by a wand | | | | | | | | 2024 | *| * * * | * _________)/\\_//(\/(/\)/\//\/|_)_______ Aloha Arasaka the Tourist... You died in The Gnomish Mines on dungeon level 4 with 357 points, and 54 pieces of gold, after 1507 moves. You were level 3 with a maximum of 24 hit points when you died.